 Dungeon Crawl Stone Soup version 0.17-a0-1718-g72dbe4d (webtiles) character file.

3494 kae the Fencer (level 9, -3/70 HPs)
             Began as a Minotaur Fighter on Aug 26, 2015.
             Was a Follower of Qazlal.
             Slain by an orc warrior
             ... wielding a +0 glaive
              (13 damage)
             ... on level 9 of the Dungeon.
             The game lasted 00:09:17 (8910 turns).

kae the Fencer (Minotaur Fighter)                   Turns: 8910, Time: 00:09:17

Health: -3/70      AC: 11    Str: 22    XL:     9   Next: 80%
Magic:  8/8        EV: 10    Int:  7    God:    Qazlal [*.....]
Gold:   396        SH:  2    Dex: 10    Spells: 0 memorised, 8 levels left

rFire  . . .     SeeInvis .     J - +0 great sword
rCold  . . .     Clarity  .     u - +3 ring mail
rNeg   . . .     SustAt   .     (no shield)
rPois  .         Gourm    .     (helmet restricted)
rElec  .         Spirit   .     B - +0 cloak
rCorr  .         Warding  .     (no gloves)
rMut   .         Stasis   .     l - +0 pair of boots
MR     .....                    (no amulet)
Stlth  ..........               (no ring)
                                (no ring)

@: not resistant to hostile enchantments, extremely unstealthy
A: retaliatory headbutt, horns 2
a: Renounce Religion


You were on level 9 of the Dungeon.
You worshipped Qazlal.
Qazlal was aware of your devotion.
You were not hungry.

You visited 2 branches of the dungeon, and saw 12 of its levels.

You collected 396 gold pieces.

Inventory:

Hand weapons
 a - a +0 long sword
 J - a +0 great sword (weapon)
Armour
 c - a +0 shield
 l - a +0 pair of boots (worn)
 u - a +3 ring mail (worn)
 B - a +0 cloak (worn)
Jewellery
 w - a +6 ring of strength {unknown}
 K - an uncursed ring of fire
 M - an uncursed ring of poison resistance {unknown}
Magical devices
 b - a wand of lightning (7)
 D - a wand of draining (10)
 I - a wand of frost (17)
Scrolls
 f - a scroll of fear {unknown}
 h - 6 scrolls of remove curse {unknown}
 j - 2 scrolls of enchant armour {unknown}
 k - 2 scrolls of recharging {unknown}
 m - a scroll of amnesia {unknown}
 n - 6 scrolls of magic mapping {unknown}
 r - 4 scrolls of teleportation {unknown}
 s - 6 scrolls of identify {unknown}
 t - 4 scrolls of immolation {unknown}
 v - 2 scrolls of fog {unknown}
 x - 2 scrolls of noise {unknown}
 y - a scroll of blinking {unknown}
 H - a scroll of random uselessness {unknown}
 L - a scroll of summoning {unknown}
Potions
 d - a potion of might
 e - 2 potions of poison {unknown}
 g - a potion of invisibility {unknown}
 i - 5 potions of curing {unknown}
 o - 4 potions of brilliance {unknown}
 q - 2 potions of cancellation {unknown}
 A - a potion of haste {unknown}
 C - 3 potions of agility {unknown}
 F - a potion of degeneration {unknown}
 N - a potion of mutation {unknown}
Books
 E - a book of Hinderance

   Spells                             Type                      Level
   a - Confusing Touch                Hexes                        2
   b - Confuse                        Hexes                        3
   c - Gell's Gravitas                Hexes/Translocation          3
   d - Petrify                        Transmutation/Earth          4
   e - Metabolic Englaciation         Hexes/Ice                    5
 G - a book of the Dragon

   Spells                             Type                      Level
   a - Flame Tongue                   Conjuration/Fire             1
   b - Cause Fear                     Hexes                        4
   c - Bolt of Fire                   Conjuration/Fire             6
   d - Dragon Form                    Transmutation                7
   e - Dragon's Call                  Summoning                    9
Comestibles
 p - 3 meat rations
 z - 8 bread rations


   Skills:
 - Level 3.6 Fighting
 + Level 15.8 Long Blades
 - Level 3.6 Armour
 - Level 3.6 Shields


You had 8 spell levels left.
You didn't know any spells.

Dungeon Overview and Level Annotations

Branches:
Dungeon (11/15)            Temple (1/1) D:7
   Lair: D:8-11         Orc: D:9-12

Altars:
Ashenzari
Cheibriados
Dithmenos
Elyvilon
Fedhas
Gozag
Kikubaaqudgha
Makhleb
Nemelex Xobeh
Okawaru
Qazlal
Sif Muna
Trog
Vehumet
Xom
Zin

Shops:
D:5 :   D:7 [


Innate Abilities, Weirdness & Mutations

You reflexively headbutt those who attack you in melee.
You have a pair of horns on your head.


Message History

The warg is engulfed in freezing vapours.
The warg bites you. The orc warrior barely misses you.
The warg is engulfed in freezing vapours.
You kill the warg!
Qazlal accepts your kill.
The orc warrior hits you from afar with a glaive!!
* * * LOW HITPOINT WARNING * * *
The orc warrior hits you with a glaive.
* * * LOW HITPOINT WARNING * * *
You hit the orc warrior but do no damage.
You headbutt the orc warrior.
The orc warrior is lightly wounded.
You barely miss the orc warrior.
You headbutt the orc warrior, but do no damage.
The orc warrior is lightly wounded.
The orc warrior closely misses you.
Drink which item? (? for menu, Esc to quit)
Okay, then.
The orc warrior hits you from afar with a glaive!
You die...

#..# .# ##
#..##..#
...###.
#..##..# .....
#..##..#
##.†###..##..#
#..[)##..##..#
#.##.#.o..##..#
#.)##..##..#
##. #@§....#
#########
######......#
#..##...#
#..##..####.#
#..##...#
#..##..# #.#
#..##...#
#..##..# #.#
#..##...#
#..##..# #.#
#.......#
#..##..# #.#
#.......#
#......# #.#
#)....§.#
#......####.#


You could see an orc warrior.

Vanquished Creatures
  Eustachio (D:6)
  A hungry ghost (D:8)
  The ghost of kae the Slasher, an average MiFi (D:3)
  A warg (D:9)
  A wyvern (D:8)
  4 orc warriors
  3 ogres
  A sky beast (D:6)
  5 centaurs
  2 giant frogs (D:9)
  A gnoll sergeant (D:11)
  A wyvern skeleton (D:7)
  3 scorpions
  5 crimson imps
  5 orc priests
  3 jellies
  4 hounds
  2 centaur skeletons
  A giant frog skeleton (D:8)
  3 iguanas
  8 worker ants
  4 orc wizards
  A hound skeleton (D:10)
  10 adders
  7 gnolls
  3 shadow imps (D:6)
  An ooze (D:2)
  A worm (D:4)
  2 adder skeletons (D:5)
  3 giant geckos
  33 orcs
  4 bats
  8 giant cockroaches
  7 goblins
  4 hobgoblins
  14 jackals
  8 kobolds
  8 quokkas
  A giant gecko zombie (D:5)
  8 giant newts
  A jackal skeleton (D:7)
  A quokka skeleton (D:9)
  4 rats
189 creatures vanquished.

Notes
Turn   | Place    | Note
--------------------------------------------------------------
     0 | D:1      | kae the Minotaur Fighter began the quest for the Orb.
     0 | D:1      | Reached XP level 1. HP: 19/19 MP: 0/0
    54 | D:1      | Reached XP level 2. HP: 23/26 MP: 1/1
   545 | D:1      | Reached skill level 4 in Long Blades
   640 | D:2      | Reached XP level 3. HP: 25/31 MP: 2/2
   790 | D:2      | Found a faded altar to an unknown god.
   979 | D:2      | Reached skill level 5 in Long Blades
  1183 | D:3      | Found a shadowy altar of Dithmenos.
  1191 | D:3      | Reached XP level 4. HP: 39/39 MP: 3/3
  1527 | D:3      | Reached skill level 6 in Long Blades
  1714 | D:3      | Noticed kae's ghost (average MiFi)
  1720 | D:3      | Killed kae's ghost
  1720 | D:3      | Reached skill level 7 in Long Blades
  1720 | D:3      | Reached XP level 5. HP: 3/45 MP: 4/4
  2126 | D:3      | Found a shattered altar of Ashenzari.
  2196 | D:4      | Found a radiant altar of Vehumet.
  2202 | D:4      | Reached XP level 6. HP: 51/51 MP: 5/5
  2242 | D:4      | Reached skill level 8 in Long Blades
  2284 | D:4      | Found a white marble altar of Elyvilon.
  2285 | D:4      | Noticed an ogre
  2292 | D:4      | Killed an ogre
  2567 | D:4      | Noticed an ogre
  2573 | D:4      | Killed an ogre
  2573 | D:4      | Reached skill level 9 in Long Blades
  2573 | D:4      | Reached XP level 7. HP: 29/57 MP: 6/6
  2922 | D:4      | Found a glowing silver altar of Zin.
  2923 | D:4      | Found an opulent altar of Gozag.
  3099 | D:5      | Entered Level 5 of the Dungeon
  3175 | D:5      | Found Isuadwar's Book Shoppe.
  3271 | D:5      | Reached skill level 10 in Long Blades
  3522 | D:5      | Found an iron altar of Okawaru.
  3776 | D:5      | Reached skill level 11 in Long Blades
  4047 | D:5      | Reached XP level 8. HP: 33/64 MP: 7/7
  4434 | D:6      | Reached skill level 12 in Long Blades
  4553 | D:6      | Noticed Eustachio
  5233 | D:6      | Killed Eustachio
  5233 | D:6      | Reached skill level 13 in Long Blades
  5861 | D:7      | Reached XP level 9. HP: 61/70 MP: 8/8
  5891 | D:7      | Found a staircase to the Ecumenical Temple.
  5989 | Temple   | Entered the Ecumenical Temple
  6000 | Temple   | Became a worshipper of Qazlal Stormbringer
  6114 | D:7      | Found Qownyruc's Armour Emporium.
  6836 | D:8      | Reached skill level 14 in Long Blades
  6901 | D:8      | You fall through a shaft for 3 floors!
  7158 | D:10     | Entered Level 10 of the Dungeon
  7815 | D:8      | Acquired Qazlal's first power
  7815 | D:8      | Reached skill level 15 in Long Blades
  8910 | D:9      | Slain by an orc warrior

Vault maps used:
D:1:      lemuel_arrival_behind_the_door_small, serial_bayou_ford_a
D:2:      ecumenical_altar_2
D:3:      nicolae_dithmenos_through_a_glass_darkly,
          lemuel_coloured_pillars_altar, st_stairs_8
D:4:      grunt_temple_overflow_gold_and_silver, old_standard_altar,
          vehumet_crystals
D:5:      okawaru_metal_pillars_1_2, first_bread, serial_shops,
          nicolae_shop_crystal
D:6:      uniq_eustachio
D:7:      minmay_temple_entry_poolview, serial_shops, shop
D:9:      erik_orc_3
D:10:     lair_0_dummy
D:11:     hangedman_pestilent_swarm, kennysheep_diamond, elyvilon_altar_4
Temple:   circular_temple_12

Action                   |  1- 3 |  4- 6 |  7- 9 || total
-------------------------+-------+-------+-------++-------
Melee: Long sword        |   107 |    79 |   291 ||   477
       Great sword       |       |       |   143 ||   143
  Use: Potion            |       |     1 |     1 ||     2
  Eat: Chunk             |       |     5 |    20 ||    25
       Fruit             |       |       |     3 ||     3
